 Dungeon Crawl Stone Soup version 0.26.0-3-g156281e41b (webtiles) character file.

Game seed: 4751991302897673120

1516 Froggeryz the Chopper (level 8, 0/49 HPs)
             Began as a Gargoyle Wanderer on Jan 9, 2021.
             Was a Believer of Okawaru.
             Killed from afar by a white imp (11 damage)
             ... with a puff of frost
             ... on level 6 of the Dungeon.
             The game lasted 00:04:40 (5491 turns).

Froggeryz the Chopper (Gargoyle Wanderer)           Turns: 5491, Time: 00:04:40

Health: 0/49       AC: 17    Str: 18    XL:     8   Next: 83%
Magic:  8/8        EV:  9    Int: 14    God:    Okawaru [**....]
Gold:   318        SH:  0    Dex: 11    Spells: 7/7 levels left

rFire    . . .     SeeInvis .   i - +1 hand axe (elec)
rCold    . . .     Faith    .   (no shield)
rNeg     + + .     Spirit   .   q - +0 scale mail (curse)
rPois    ∞         Reflect  .   v - +0 helmet "Utras Jefaa" {rElec rN+ rCorr Dex+3} (curse)
rElec    +         Harm     .   (no cloak)
rCorr    +         Rampage  .   w - +2 pair of gloves
Will     .....                  (no boots)
Stlth    ..........             (no amulet)
HPRegen  0.16/turn              (no ring)
MPRegen  0.11/turn              (no ring)

@: no status effects
A: negative energy resistance 1, electricity resistance, unbreathing,
petrification resistance, miasma immunity, AC +5
a: Renounce Religion, Heroism


You were on level 6 of the Dungeon.
You worshipped Okawaru.
Okawaru was pleased with you.
You visited 1 branch of the dungeon, and saw 6 of its levels.

You collected 318 gold pieces.

Inventory:

Hand Weapons
 i - a +1 hand axe of electrocution (weapon)
 t - a +0 vampiric hand axe
Missiles
 s - 17 poisoned darts (quivered)
Armour
 j - a +0 tower shield
 q - a cursed +0 scale mail (worn)
 v - the cursed +0 helmet "Utras Jefaa" (worn) {rElec rN+ rCorr Dex+3}
   (You found it on level 4 of the Dungeon)

   It affects your dexterity (+3).
   It insulates you from electricity.
   It protects you from negative energy.
   It provides partial protection from all sources of acid and corrosion.
   It has a curse placed upon it.
 w - a +2 pair of gloves (worn)
Wands
 x - a wand of polymorph (7)
Scrolls
 a - 3 scrolls of enchant armour {unknown}
 c - 2 scrolls of enchant weapon {unknown}
 e - 7 scrolls of remove curse {unknown}
 f - 5 scrolls of identify {unknown}
 h - a scroll of teleportation {unknown}
 m - a scroll of amnesia {unknown}
 o - a scroll of noise {unknown}
 p - a scroll of fog {unknown}
 r - 2 scrolls of immolation {unknown}
 u - a scroll of random uselessness {unknown}
Potions
 b - a potion of haste
 d - 2 potions of degeneration {unknown}
 g - a potion of mutation {unknown}
 k - a potion of heal wounds {unknown}
 l - 3 potions of might {unknown}
 n - 2 potions of berserk rage {unknown}


   Skills:
 + Level 5.2 Fighting
 * Level 7.8(8.2) Axes
 - Level 3.2(6.3) Maces & Flails
 - Level 1.7(5.2) Polearms
 - Level 4.1 Armour
 - Level 2.1 Stealth
 - Level 1.0 Evocations


You had 7 spell levels left.
You didn't know any spells.
Your spell library contained the following spells:

 Spells                   Type           Power        Failure   Level
 Confusing Touch          Hex            0%           95%         3
 Gell's Gravitas          Tloc           0%           95%         3
 Petrify                  Tmut/Erth      0%           100%        4
 Metabolic Englaciation   Hex/Ice        0%           100%        5
 Yara's Violent Unravell  Hex/Tmut       0%           100%        5


Dungeon Overview and Level Annotations

Branches:
Dungeon (6/15)             Temple (0/1) D:6

Altars:
Okawaru
Ru
Trog
Uskayaw
Wu Jian
Yredelemnul


Innate Abilities, Weirdness & Mutations

You are resistant to torment.
Your stone body is resilient. (AC +5)
You are immune to poison.
You resist negative energy. (rN+)
You are resistant to electric shocks. (rElec)
You can survive without breathing.
You are immune to petrification.
You are immune to miasma.


Message History

The white imp is lightly wounded.
The white imp gestures at you. The puff of frost hits you.
You hit the white imp but do no damage.
The white imp is lightly wounded.
The white imp hits you. The white imp freezes you.
* * * LOW HITPOINT WARNING * * *
You hit the white imp but do no damage.
The white imp is lightly wounded.
You closely miss the orc wizard.
The orc wizard hits you but does no damage.
The white imp gestures at you.
The puff of frost hits you but does no damage.
You closely miss the white imp.
The white imp is lightly wounded.
You hit the orc wizard.
The orc wizard hits you but does no damage.
The white imp gestures at you. The puff of frost hits you!
You die...

#.. ..# #.###..
#.#...### #####.#.#....
##.. ......... #####
#..###.....### ....#
#..#≈≈≈5≈≈≈≈≈# ###.#
#..#≈#@....#≈
#.#######...≈)o.....≈.
###...........≈.......≈.
..#.#######...≈...>...≈.
#.#.# ##..≈.......≈.
#.#.# #..≈.......≈.
....# #.#≈#.....#≈#
#.### #.#≈≈≈≈≈≈≈≈≈# #.#
#.###.....##


You could see an orc wizard (fast) and a white imp.

Vanquished Creatures
  Pikel (D:5)
  Menkaure (D:5)
  An ice beast (D:6)
  A necrophage (D:6)
  A sky beast (D:5)
  A phantom (D:4)
  4 lemures (D:5)
  A scorpion (D:5)
  A howler monkey (D:4)
  2 jellies (D:5)
  2 hounds
  4 orc priests
  2 orc wizards
  8 adders
  A shadow imp (D:5)
  An ufetubus (D:5)
  An ooze (D:1)
  3 worms
  2 dart slugs
  2 leopard geckos
  14 orcs
  6 giant cockroaches
  9 hobgoblins
  14 jackals
  8 kobolds
  2 quokkas (D:3)
  4 ball pythons (D:3)
  9 bats
  6 frilled lizards
  6 goblins
  A leopard gecko skeleton (D:6)
  7 rats
126 creatures vanquished.

Vanquished Creatures (others)
  A plant (D:3)
1 creature vanquished.

Grand Total: 127 creatures vanquished

Notes
Turn   | Place    | Note
-------+----------+-------------------------------------------
     0 | D:1      | Froggeryz the Gargoyle Wanderer began the quest for the
                  | Orb.
     0 | D:1      | Froggeryz set off with the following items: a +2 dagger, a
                  | potion of haste, a +0 spear, a potion of lignification, a
                  | +0 robe
     0 | D:1      | Reached XP level 1. HP: 12/12 MP: 1/1
    83 | D:1      | Reached skill level 1 in Maces & Flails
    97 | D:1      | Reached XP level 2. HP: 10/17 MP: 2/2
   717 | D:1      | Reached XP level 3. HP: 21/21 MP: 3/3
  1344 | D:2      | Found an ornate altar of the Wu Jian Council.
  1387 | D:2      | Reached skill level 2 in Axes
  1523 | D:2      | Reached XP level 4. HP: 23/26 MP: 4/4
  1893 | D:2      | Found a bloodstained altar of Trog.
  1997 | D:2      | Found a hide-covered altar of Uskayaw.
  2773 | D:3      | Reached XP level 5. HP: 25/30 MP: 5/5
  2893 | D:3      | Reached skill level 3 in Axes
  3642 | D:4      | Reached XP level 6. HP: 31/35 MP: 6/6
  3844 | D:4      | Reached skill level 4 in Axes
  3911 | D:4      | Noticed a phantom
  3936 | D:4      | Killed a phantom
  4023 | D:4      | Found an iron altar of Okawaru.
  4029 | D:4      | Became a worshipper of Warmaster Okawaru
  4190 | D:4      | Got a pitted helmet
  4196 | D:4      | Identified the cursed +0 helmet "Utras Jefaa" {rElec rN+
                  | rCorr Dex+3} (You found it on level 4 of the Dungeon)
  4396 | D:5      | Entered Level 5 of the Dungeon
  4409 | D:5      | Reached XP level 7. HP: 38/40 MP: 7/7
  4463 | D:5      | Reached skill level 5 in Axes
  4494 | D:5      | Noticed Pikel
  4524 | D:5      | Killed Pikel
  4524 | D:5      | Reached * piety under Okawaru
  4525 | D:5      | Reached skill level 6 in Axes
  4525 | D:5      | Reached XP level 8. HP: 27/48 MP: 8/8
  4714 | D:5      | Found a sacrificial altar of Ru.
  4731 | D:5      | Noticed Menkaure
  4746 | D:5      | Killed Menkaure
  4746 | D:5      | Reached ** piety under Okawaru
  4965 | D:5      | Found a basalt altar of Yredelemnul.
  4996 | D:5      | Reached skill level 7 in Axes
  5472 | D:6      | Found a staircase to the Ecumenical Temple.
  5477 | D:6      | Reached skill level 5 in Fighting
  5491 | D:6      | Killed from afar by a white imp

Illustrated notes

Levels and vault maps discovered:
D:1:      grunt_arrival_lava_bath, layout_basic, kennysheep_another_room
D:2:      layout_loops_corners, eat_drink_and_be_merry_uskayaw,
          nicolae_overflow_hidden_temple, nicolae_overflow_crystal_walls,
          serial_aquarium, aquarium_bridge_long_joined [aquarium_subvault_wall,
          aquarium_subvault_bridge, aquarium_subvault_bridge,
          aquarium_subvault_wall, aquarium_subvault_window,
          aquarium_subvault_bridge], aquarium_window_2, aquarium_window_1,
          aquarium_window_fake, aquarium_window_fake, aquarium_view_2b,
          aquarium_view_2d, aquarium_balcony_3a, aquarium_pool_corner, trog_book
D:3:      layout_basic, minmay_shallow_snake_nest
D:4:      layout_gridville, okawaru_ov_weapons_minmay, minmay_distorted
D:5:      layout_basic, lemuel_round_altar, lemuel_crystal_altar, uniq_menkaure,
          uniq_pikel
D:6:      layout_loops_corners, old_standard_altar,
          minmay_temple_entry_water_ring, serial_shops, shop, uniq_maggie

Skill      XL: |  1  2  3  4  5  6  7  8 |
---------------+-------------------------+-----
Maces & Flails | 1 2 3 |  3.2
Axes           | 2 3 4 6 7 |  7.8
Armour         | 2 3 4 |  4.1
Fighting       | 3 5 |  5.2
Polearms       | |  1.7
Stealth        | |  2.1
Evocations     | |  1.0

Action                   |  1- 3 |  4- 6 |  7- 9 || total
-------------------------+-------+-------+-------++-------
Melee: Dagger            |    84 |       |       ||    84
       Short sword       |    27 |       |       ||    27
       Hand axe          |    14 |   183 |   108 ||   305
  Use: Potion            |     2 |       |     1 ||     3
 Stab: Sleeping          |     6 |     5 |       ||    11
Armor: Skin              |     9 |       |       ||     9
       Robe              |     4 |       |       ||     4
       Leather armour    |    42 |    33 |       ||    75
       Scale mail        |       |    37 |    79 ||   116
Dodge: Dodged            |    71 |    96 |    39 ||   206
